 Dungeon Crawl Stone Soup version 0.20.1-1-g8b1a95d (webtiles) character file.

1941 Lanoc the Cleaver (level 8, -3/63 HPs)
             Began as a Demonspawn Chaos Knight on Nov 26, 2017.
             Succumbed to a water moccasin's poison
             ... on level 6 of the Dungeon.
             The game lasted 00:18:46 (5327 turns).

Lanoc the Cleaver (Demonspawn Chaos Knight)         Turns: 5327, Time: 00:18:47

Health: -3/63      AC:  6    Str: 14    XL:     8   Next: 98%
Magic:  8/8        EV: 14    Int: 15    God:    Xom [......]
Gold:   437        SH:  0    Dex: 12    Spells: 7/7 levels left

rFire    . . .     SeeInvis .   b - +0 war axe (flame)
rCold    . . .     Gourm    .   (no shield)
rNeg     + . .     Faith    .   s - +2 robe {rN+}
rPois    .         Spirit   .   (no helmet)
rElec    .         Reflect  .   (no cloak)
rCorr    .         Harm     .   (no gloves)
MR       .....                  (no boots)
Stlth    ++........             (no amulet)
Regen    0.2/turn               G - +1 ring of evasion
MPRegen  0.2/turn               (no ring)

@: lethally poisoned (-3 -> -45)
A: yellow scales 1, demonic guardian 2
a: Renounce Religion


You were on level 6 of the Dungeon.
You worshipped Xom.
You were a very special plaything of Xom.
You were not hungry.

You visited 1 branch of the dungeon, and saw 7 of its levels.

You collected 437 gold pieces.

Inventory:

Hand Weapons
 a - a +0 hand axe of chaos
 b - a +0 war axe of flaming (weapon)
 e - a +0 mace of protection
 m - a +1 shortbow of chaos
Missiles
 A - 39 arrows
 D - a throwing net (quivered)
Armour
 s - a +2 robe of positive energy (worn)
 y - a +0 large shield
Jewellery
 G - a +1 ring of evasion (left hand)
Wands
 z - a wand of confusion (24/48)
 B - a wand of disintegration (23/24)
 C - a wand of digging (6/24)
 F - a wand of disintegration (9/24)
Scrolls
 f - a scroll of magic mapping
 i - 3 scrolls of remove curse
 j - 3 scrolls of fog {unknown}
 l - a scroll of enchant weapon {unknown}
 n - 4 scrolls of amnesia {unknown}
 q - a scroll of noise {unknown}
 t - 2 scrolls of teleportation {unknown}
 u - 2 scrolls of random uselessness {unknown}
 v - 3 scrolls of blinking {unknown}
 x - 3 scrolls of identify
Potions
 g - 3 potions of lignification
 h - 3 potions of magic
 o - 3 potions of curing
 p - 2 potions of agility {unknown}
 r - a potion of mutation {unknown}
 w - 2 potions of heal wounds {unknown}
Comestibles
 c - 3 bread rations
 d - a royal jelly
 k - 4 meat rations


   Skills:
 + Level 5.5 Fighting
 + Level 8.0 Axes
 + Level 3.3 Armour
 + Level 3.6 Dodging
 + Level 3.8 Stealth
 + Level 1.5 Shields


You had 7 spell levels left.
You didn't know any spells.

Dungeon Overview and Level Annotations

Branches:
Dungeon (7/15)             Temple (0/1) D:5

Altars:
Xom


Innate Abilities, Weirdness & Mutations

You are partially covered in yellow scales. (AC +2)
A demonic guardian rushes to your aid.


Message History

The water moccasin poisons you!
You slash the water moccasin! You burn the water moccasin.
The water moccasin is almost dead.
You feel sick. The water moccasin bites you. x2
You barely miss the water moccasin.
The water moccasin is almost dead.
You feel very sick. The water moccasin bites you!
* * * LOW HITPOINT WARNING * * *
You are more poisoned.
The water moccasin poisons you!
* * * LOW HITPOINT WARNING * * *
You feel very sick. The water moccasin bites you!
* * * LOW HITPOINT WARNING * * *
You are more poisoned.
The water moccasin poisons you! The water moccasin closely misses you.
You climb upwards.
You die...
Xom cackles wildly!

#.##........# #.#.#..###.#.#.###
##.##.###.#..###...........##.#..
...##.# #.............#..........
#####.# #....#####.#.....###'####
#.# #....#####.#....#8...#..8 #.#
#.............#.#...#.... ### #.#
##.......#.####.#....#... ..# #.#
#..####.#......'.#.#)#.# #.# #.#
#..# #@#####..##.#[#.#. #.# #.#
##.# #.S......#..)#.... #.#
#.#####.# ########.#....#...
#.###.......# #.#8.)#)..8
#...........# #..####'###
##########..# #..........
#..##############[..###.
#..##.......# #..## #.
#..##.#####.# #.## #.


You could see a water moccasin.

Vanquished Creatures
  2 ice beasts (D:6)
  An ogre (D:5)
  3 centaurs
  A bullfrog (D:6)
  A howler monkey (D:6)
  A centaur zombie (D:4)
  2 hounds
  4 orc wizards
  2 bullfrog skeletons
  3 worker ants
  A worker ant zombie (D:3)
  4 gnolls (D:6)
  9 adders
  2 oozes (D:3)
  4 dart slugs
  2 worms
  3 leopard geckos
  6 orcs
  A giant cockroach (D:2)
  15 goblins
  6 hobgoblins
  A quokka (D:4)
  3 ball pythons
  11 bats
  5 frilled lizards
  9 kobolds
  5 rats
107 creatures vanquished.

Vanquished Creatures (collateral kills)
  6 yaks (D:5)
  2 sky beasts (D:6)
  An ogre (D:6)
  A centaur (D:5)
  A howler monkey (D:3)
  A crimson imp (D:6)
  2 orc priests (D:5)
  An adder (D:3)
  An adder skeleton (D:6)
  An orc (D:4)
  A giant cockroach (D:5)
  2 bats
20 creatures vanquished.

Grand Total: 127 creatures vanquished

Notes
Turn   | Place    | Note
-------+----------+-------------------------------------------
     0 | D:1      | Lanoc the Demonspawn Chaos Knight began the quest for the Orb.
     0 | D:1      | Reached XP level 1. HP: 18/18 MP: 1/1
    67 | D:1      | XOM: divination: detect creatures
   126 | D:1      | Gained mutation: You are partially covered in yellow scales. (AC +2) [demonic ancestry]
   126 | D:1      | Reached XP level 2. HP: 14/24 MP: 2/2
   150 | D:1      | Found a shimmering altar of Xom.
   300 | D:1      | Reached skill level 1 in Dodging
   358 | D:1      | Reached skill level 3 in Axes
   683 | D:1      | Reached XP level 3. HP: 29/29 MP: 3/3
   900 | D:2      | XOM: silly message
   969 | D:2      | XOM: divination: detect items
  1130 | D:2      | Gained mutation: A weak demonic guardian rushes to your aid. [demonic ancestry]
  1130 | D:2      | Reached XP level 4. HP: 33/36 MP: 4/4
  1502 | D:2      | XOM: harmless Ice miscast
  1775 | D:3      | XOM: polymorph orc -> leopard gecko
  1903 | D:3      | XOM: polymorph rat -> adder
  1998 | D:3      | XOM: summons 1 hostile shadow creature
  2113 | D:3      | XOM: smoke on damage
  2240 | D:3      | Reached skill level 4 in Axes
  2240 | D:3      | Reached XP level 5. HP: 31/42 MP: 5/5
  2691 | D:4      | XOM: medium Ice miscast
  2707 | D:4      | Gained mutation: A demonic guardian rushes to your aid. [demonic ancestry]
  2707 | D:4      | Reached XP level 6. HP: 18/48 MP: 6/6
  3058 | D:4      | Reached skill level 5 in Axes
  3205 | D:4      | Reached skill level 1 in Stealth
  3406 | D:4      | XOM: divination: detect items
  3453 | D:5      | Entered Level 5 of the Dungeon
  3459 | D:5      | Noticed a yak
  3461 | D:5      | Noticed a yak
  3462 | D:5      | Killed a yak
  3462 | D:5      | Reached XP level 7. HP: 43/54 MP: 7/7
  3465 | D:5      | Noticed a yak
  3465 | D:5      | Killed a yak
  3468 | D:5      | Killed a yak
  3471 | D:5      | Noticed a yak
  3483 | D:5      | Killed a yak
  3561 | D:5      | Reached skill level 6 in Axes
  3599 | D:5      | Noticed a yak
  3600 | D:5      | Noticed a yak
  3603 | D:5      | Killed a yak
  3603 | D:5      | Killed a yak
  3603 | D:5      | Reached skill level 5 in Fighting
  3850 | D:5      | Found a staircase to the Ecumenical Temple.
  3866 | D:5      | Reached XP level 8. HP: 36/62 MP: 8/8
  4411 | D:6      | XOM: scenery: 1 doors open
  4444 | D:6      | XOM: 1-stop teleportation journey
  4466 | D:6      | XOM: harmless Chrm miscast
  4478 | D:6      | Reached skill level 7 in Axes
  4523 | D:6      | XOM: chaos upgrade
  4538 | D:6      | XOM: harmless Fire miscast
  4733 | D:6      | Reached skill level 1 in Shields
  4744 | D:6      | XOM: confusion
  4990 | D:6      | XOM: harmless Tloc miscast
  5214 | D:6      | XOM: silly message
  5236 | D:6      | Reached skill level 8 in Axes
  5326 | D:7      | HP: 2/63 [water moccasin (7)]
  5327 | D:6      | Succumbed to a water moccasin's poison

Skill      XL: |  1  2  3  4  5  6  7  8 |
---------------+-------------------------+-----
Armour         | 2 3 |  3.3
Dodging        | 1 2 3 |  3.6
Axes           | 3 4 5 6 8 |  8.0
Fighting       | 4 5 |  5.5
Stealth        | 1 2 3 |  3.8
Shields        | 1 |  1.5

Action                   |  1- 3 |  4- 6 |  7- 9 || total
-------------------------+-------+-------+-------++-------
Melee: Hand axe          |   108 |   168 |       ||   276
       War axe           |       |    14 |   128 ||   142
  Use: Scroll            |       |     5 |     1 ||     6
       Potion            |       |     1 |     2 ||     3
 Stab: Sleeping          |     1 |     1 |     6 ||     8
       Distracted        |       |     1 |     1 ||     2
       Confused          |       |     1 |       ||     1
       Paralysed         |       |     1 |       ||     1
  Eat: Chunk             |     1 |     7 |     6 ||    14
       Fruit             |       |       |     1 ||     1
Armor: Leather armour    |    54 |    75 |       ||   129
       Robe              |       |     3 |    34 ||    37
Dodge: Dodged            |    78 |   125 |    49 ||   252
Block: Large shield      |       |       |    63 ||    63
